cohdb
Replays
Latest Replays
All Replays
Popular Replays
Top Player Replays
Match Explorer
How It Works
Community
CoH3 Stats
Reddit
Sign in to upload your games and track your stats! →
Sign in with Steam
Match 42878395
Unlisted
Match 42878395
Overview
Messages
Build Orders
End
Selects Italian Coastal Battlegroup
Selects Coastal Reserves
Coastal Reserve
Construct Infanterie Kompanie
MG 42 Machine Gun Team
Coastal Reserve
Coastal Reserve
MG 42 Machine Gun Team
Construct Panzergrenadier Kompanie
Construct Panzergrenadier Kompanie
Selects Artillery Officer
Medical Bunker
Selects Support Bunkers
Artillery Officer
Pak 40 Anti-tank Gun Team
Selects Designated Artillery Overwatch
Infanterie Officer Quarters
Support Elements
Selects Call the Reserves!
MG 42 Bunker
DaRtH VaDeRX2020
DuckPuncher
Dinglebop
BLACK.DRAGON
[82AD] PaulVmax
FloppyBob
r33dys
A Chunky Chaffinch
0
0
Comments
sign in to comment!
No comments posted yet!